Knights vs Little Stars

Created - 25 novembre 2014 at 19:16

Goals
1 2 3 T
Knights 0 1 3 4
Little Stars 2 1 0 3
Shots
1 2 3 T
Knights 15 6 9 30
Little Stars 8 11 17 36

1st period

1. Little Stars , Chris Dingman 14 (Ryan Vesce, Erik Ersberg) at 14:22 (PP)
2. Little Stars , Ryan Vesce 19 (Chris Dingman, Marcus Kruger) at 18:08 (PP)

Penalties :
Kyle Greentree (Lon) for Hooking (Minor) at 13:12, Zbynek Michalek (Lon) for Roughing (Minor) at 18:07

2nd period

3. Little Stars , Marcus Kruger 12 (Chris Dingman) at 2:22
4. Knights , Garnet Exelby 1 (Philip Varone, A.J. Jenks) at 16:57

Penalties :
Michael Raffl (Lon) for Boarding (Minor) at 11:03, Chris Thorburn (Lon) for High sticking (Minor) at 14:06, Clay Wilson (Tex) for Tripping (Minor) at 17:32

3rd period

5. Knights , Alex Chiasson 10 (Zack Hamill) at 1:44 (PP)
6. Knights , Colton Gillies 3 (Aaron Palushaj, Tomas Kundratek) at 7:33
7. Knights , Zack Hamill 14 (Chris Thorburn) at 16:04

Penalties :
Mathieu Roy (Tex) for Roughing (Minor) at 1:43, Alex Chiasson (Lon) for Tripping (Minor) at 2:05, Kyle Greentree (Lon) for High sticking (Minor) at 19:59

Goalie Stats

Dany Sabourin (Lon), 33 saves from 36 shots - (0,917), W, 9-3-1, 60:00 minutes
Erik Ersberg (Tex), 26 saves from 30 shots - (0,867), L, 13-5-3, 59:14 minutes

Players Stats for Knights

Player Name              G  A  P  +/- PIM S  H  SB GA TA FO     MP     PP MP  PK MP  
------------------------------------------------------------------------------------
A.J. Jenks               0  1  1   1  0   0  0  0  0  0  0/0     7:57   0:00   0:00 
Aaron Palushaj           0  1  1   0  0   1  0  0  0  0  0/0    11:31   0:00   0:00 
Alex Chiasson            1  0  1   0  2   2  0  0  2  0  0/0    15:26   0:52   0:00 
Carter Ashton            0  0  0   1  0   1  0  1  0  0  0/0     8:22   0:10   0:00 
Chris Thorburn           0  1  1   1  2   4  1  1  1  0  3/3    20:24   0:58   3:12 
Colton Gillies           1  0  1   0  0   2  2  0  0  0  0/0    13:00   0:05   0:25 
Eric Gelinas             0  0  0   1  0   2  0  0  0  1  0/0    21:42   0:43   2:41 
Garnet Exelby            1  0  1   1  0   1  1  0  2  0  0/0    21:25   1:17   2:41 
James Wright             0  0  0   0  0   2  3  0  0  0  9/16   19:59   0:50   4:01 
Joe Colborne             0  0  0   0  0   1  0  1  0  0  4/9    12:40   0:00   0:25 
Kyle Greentree           0  0  0   1  4   3  2  0  0  0  0/1    19:03   1:05   2:10 
Marco Scandella          0  0  0   0  0   2  0  1  0  1  0/0    23:25   1:17   4:27 
Michael Raffl            0  0  0   0  2   4  3  0  0  0  0/1    16:46   0:50   1:03 
Nikita Nikitin           0  0  0   1  0   0  1  0  1  0  0/0    14:48   0:00   0:00 
Philip Varone            0  1  1   1  0   0  2  0  0  1  3/4    10:34   0:05   1:52 
Tomas Kundratek          0  1  1   1  0   2  0  2  0  0  0/0    14:49   0:00   0:01 
Zack Hamill              1  1  2   1  0   1  2  0  1  0  14/26  17:05   1:05   1:08 
Zbynek Michalek          0  0  0   0  2   2  2  4  0  1  0/0    23:50   0:43   4:26 

Players Stats for Little Stars

Player Name              G  A  P  +/- PIM S  H  SB GA TA FO     MP     PP MP  PK MP  
------------------------------------------------------------------------------------
Alexander Vasyunov       0  0  0  -2  0   0  0  0  0  0  0/0     9:54   0:00   0:27 
Cameron Schilling        0  0  0   0  0   2  1  2  0  3  0/0    20:14   2:57   0:32 
Carl Hagelin             0  0  0  -1  0   2  2  1  1  0  0/1    12:13   0:09   0:00 
Chris Dingman            1  2  3   1  0   6  4  0  1  0  2/4    21:56   3:54   1:02 
Clay Wilson              0  0  0  -2  2   1  0  3  1  0  0/0    23:13   0:00   0:01 
Cody Bass                0  0  0   0  0   1  2  0  0  0  2/7    15:29   3:08   0:00 
Corey Trivino            0  0  0  -1  0   1  2  1  0  0  3/7    11:46   0:00   0:00 
Danny DeKeiser           0  0  0   0  0   0  0  0  0  0  0/0     0:42   0:00   0:14 
Hugh Jessiman            0  0  0   0  0   2  2  0  1  0  0/0    16:11   3:08   0:31 
Jared Spurgeon           0  0  0   0  0   3  0  1  0  0  0/0    11:32   0:00   0:00 
Jesse Joensuu            0  0  0   0  0   1  3  0  0  0  0/1    16:24   3:08   0:27 
Jimmy Hayes              0  0  0  -2  0   2  2  1  0  0  0/0     9:23   0:06   0:00 
Landon Ferraro           0  0  0  -2  0   1  0  0  0  0  2/4     8:59   0:00   0:00 
Marcus Kruger            1  1  2   1  0   4  2  0  0  1  18/34  20:54   3:54   0:00 
Mathieu Roy              0  0  0  -2  2   2  3  0  0  0  0/0    27:19   4:11   1:02 
Matt Halischuk           0  0  0   1  0   1  1  0  0  1  0/1    16:49   0:03   0:31 
Matt Pelech              0  0  0   0  0   0  0  0  0  0  0/0     0:34   0:00   0:34 
Raphael Diaz             0  0  0   0  0   1  1  2  0  1  0/0    20:14   2:57   0:32 
Ryan Ellis               0  0  0   0  0   2  2  1  0  1  0/0    16:38   4:11   1:05 
Ryan Vesce               1  1  2  -1  0   4  2  0  0  0  0/1    17:34   3:54   1:02 

3 Stars

1 - Chris Dingman (Tex)
2 - Marcus Kruger (Tex)
3 - Zack Hamill (Lon)

Power Play

Knights - 1 on 2 Attempt(s) - 50,00%
Little Stars - 2 on 6 Attempt(s) - 33,33%

Penalty Kill

Knights - 4 on 6 Attempt(s) - 66,67% - Score 0 goal in Penalty Kill
Little Stars - 1 on 2 Attempt(s) - 50,00% - Score 0 goal in Penalty Kill

Official

Referees : Charron Francis and Marouelli Dan
Linesman : Michel Cormier and Pierre Racicot

Game Notes

No Game Note

Finance

Level 1 -- Attendance: 1615 (80,75%) -- Ticket Income 56 525 $
Level 2 -- Attendance: 812 (81,20%) -- Ticket Income 12 180 $
Total Attendance: 2427 (80,90%)
Total Ticket Income: 68 705 $
Other Income: 3 435 $
Total Income: 72 140 $

Knights

5 vs 5 Forward 
   Center                   Left Wing                Right Wing               Time % Phy DF OF 
 1 Zack Hamill              Kyle Greentree           Chris Thorburn           36     1   2  2  
 2 James Wright             Michael Raffl            Alex Chiasson            33     1   2  2  
 3 Joe Colborne             Colton Gillies           Aaron Palushaj           22     1   2  2  
 4 Philip Varone            A.J. Jenks               Carter Ashton            9      1   2  2  

5 vs 5 Defense 
   Defense                  Defense                                           Time % Phy DF OF 
 1 Zbynek Michalek          Eric Gelinas                                      40     1   2  2  
 2 Garnet Exelby            Marco Scandella                                   30     1   2  2  
 3 Nikita Nikitin           Tomas Kundratek                                   20     1   2  2  
 4 Zbynek Michalek          Garnet Exelby                                     10     1   2  2  

PowerPlay Forward 
   Center                   Left Wing                Right Wing               Time % Phy DF OF 
 1 Zack Hamill              Kyle Greentree           Alex Chiasson            60     1   1  3  
 2 James Wright             Michael Raffl            Chris Thorburn           40     1   1  3  

PowerPlay Defense
   Defense                  Defense                                           Time % Phy DF OF 
 1 Garnet Exelby            Marco Scandella                                   60     1   1  3  
 2 Zbynek Michalek          Eric Gelinas                                      40     1   1  3  

Penalty Kill 4 Players Forward 
   Center                   Wing                     Time % Phy DF OF 
 1 James Wright             Chris Thorburn           60     1   3  1  
 2 Kyle Greentree           Zack Hamill              40     1   3  1  

Penalty Kill 4 Players Defense
   Defense                  Defense                  Time % Phy DF OF 
 1 Zbynek Michalek          Marco Scandella          60     1   2  2  
 2 Garnet Exelby            Eric Gelinas             40     1   3  1  

Penalty Kill - 3 Players Forward 
   Forward                                           Time % Phy DF OF 
 1 Chris Thorburn                                    60     0   4  1  
 2 Zack Hamill                                       40     0   4  1  

Penalty Kill - 3 Players Defense
   Defense                  Defense                  Time % Phy DF OF 
 1 Zbynek Michalek          Marco Scandella          60     1   4  0  
 2 Eric Gelinas             Garnet Exelby            40     1   4  0  

4 vs 4 Forward 
   Center                   Wing                     Time % Phy DF OF 
 1 Zack Hamill              Chris Thorburn           60     1   2  2  
 2 Michael Raffl            James Wright             40     1   2  2  

4 vs 4 Defense
   Defense                  Defense                  Time % Phy DF OF 
 1 Zbynek Michalek          Eric Gelinas             60     1   2  2  
 2 Marco Scandella          Garnet Exelby            40     1   2  2  

Last Minutes Offensive
   Center                   Left Wing                Right Wing               Defense                  Defense                  
   Zack Hamill              Kyle Greentree           Chris Thorburn           Zbynek Michalek          Marco Scandella          

Last Minutes Defensive
   Center                   Left Wing                Right Wing               Defense                  Defense                  
   James Wright             Kyle Greentree           Chris Thorburn           Zbynek Michalek          Garnet Exelby            

Goaltenders
Starting : Dany Sabourin            
Backup : Jean-Francois Berube     

Extra Forwards
Normal : Chris Thorburn, Zack Hamill, James Wright - PP : Chris Thorburn, Zack Hamill - PK : Chris Thorburn
Extra Defensemen
Normal : Marco Scandella, Zbynek Michalek, Tomas Kundratek - PP : Marco Scandella - PK : Marco Scandella, Tomas Kundratek
Penalty Shots
Chris Thorburn, Alex Chiasson, Zack Hamill, James Wright, Kyle Greentree

Little Stars

5 vs 5 Forward 
   Center                   Left Wing                Right Wing               Time % Phy DF OF 
 1 Marcus Kruger            Chris Dingman            Matt Halischuk           40     1   2  2  
 2 Cody Bass                Jesse Joensuu            Hugh Jessiman            30     1   2  2  
 3 Corey Trivino            Carl Hagelin             Ryan Vesce               20     1   2  2  
 4 Landon Ferraro           Alexander Vasyunov       Jimmy Hayes              10     1   2  2  

5 vs 5 Defense 
   Defense                  Defense                                           Time % Phy DF OF 
 1 Mathieu Roy              Clay Wilson                                       40     1   2  2  
 2 Raphael Diaz             Cameron Schilling                                 30     1   2  2  
 3 Jared Spurgeon           Ryan Ellis                                        20     1   2  2  
 4 Mathieu Roy              Clay Wilson                                       10     1   2  2  

PowerPlay Forward 
   Center                   Left Wing                Right Wing               Time % Phy DF OF 
 1 Marcus Kruger            Chris Dingman            Ryan Vesce               60     1   2  2  
 2 Cody Bass                Jesse Joensuu            Hugh Jessiman            40     1   2  2  

PowerPlay Defense
   Defense                  Defense                                           Time % Phy DF OF 
 1 Mathieu Roy              Ryan Ellis                                        60     1   2  2  
 2 Raphael Diaz             Cameron Schilling                                 40     1   2  2  

Penalty Kill 4 Players Forward 
   Center                   Wing                     Time % Phy DF OF 
 1 Chris Dingman            Ryan Vesce               60     1   2  2  
 2 Hugh Jessiman            Matt Halischuk           40     1   2  2  

Penalty Kill 4 Players Defense
   Defense                  Defense                  Time % Phy DF OF 
 1 Mathieu Roy              Clay Wilson              60     1   2  2  
 2 Raphael Diaz             Cameron Schilling        40     1   2  2  

Penalty Kill - 3 Players Forward 
   Forward                                           Time % Phy DF OF 
 1 Chris Dingman                                     60     1   2  2  
 2 Ryan Vesce                                        40     1   2  2  

Penalty Kill - 3 Players Defense
   Defense                  Defense                  Time % Phy DF OF 
 1 Mathieu Roy              Clay Wilson              60     1   2  2  
 2 Raphael Diaz             Cameron Schilling        40     1   2  2  

4 vs 4 Forward 
   Center                   Wing                     Time % Phy DF OF 
 1 Chris Dingman            Ryan Vesce               60     1   2  2  
 2 Hugh Jessiman            Matt Halischuk           40     1   2  2  

4 vs 4 Defense
   Defense                  Defense                  Time % Phy DF OF 
 1 Mathieu Roy              Clay Wilson              60     1   2  2  
 2 Raphael Diaz             Ryan Ellis               40     1   2  2  

Last Minutes Offensive
   Center                   Left Wing                Right Wing               Defense                  Defense                  
   Marcus Kruger            Chris Dingman            Ryan Vesce               Mathieu Roy              Clay Wilson              

Last Minutes Defensive
   Center                   Left Wing                Right Wing               Defense                  Defense                  
   Marcus Kruger            Chris Dingman            Ryan Vesce               Mathieu Roy              Clay Wilson              

Goaltenders
Starting : Erik Ersberg             
Backup : Ben Scrivens             

Extra Forwards
Normal : Carl Hagelin, Jimmy Hayes, Alexander Vasyunov - PP : Carl Hagelin, Jimmy Hayes - PK : Alexander Vasyunov
Extra Defensemen
Normal : Jared Spurgeon, Ryan Ellis, Matt Pelech - PP : Jared Spurgeon - PK : Ryan Ellis, Matt Pelech
Penalty Shots
Chris Dingman, Ryan Vesce, Hugh Jessiman, Matt Halischuk, Marcus Kruger

% Time on Ice - Knights

Lines # - Real PCT - Wanted PCT - Time Play
Normal Forward
1 - 33% - 36% - 16:16
2 - 28% - 33% - 14:10
3 - 23% - 22% - 11:31
4 - 16% - 9% - 7:57
Normal Defense
1 - 37% - 40% - 18:41
2 - 29% - 30% - 14:17
3 - 30% - 20% - 14:48
4 - 4% - 10% - 2:08
PP Forward
1 - 58% - 60% - 1:10
2 - 42% - 40% - 0:50
PP Defense
1 - 64% - 60% - 1:17
2 - 36% - 40% - 0:43
PK Forward
1 - 84% - 60% - 6:00
2 - 16% - 40% - 1:08
PK Defense
1 - 62% - 60% - 4:27
2 - 38% - 40% - 2:41
PK3 Forward
1 - 0% - 60%
2 - 0% - 40%
PK3 Defense
1 - 0% - 60%
2 - 0% - 40%
44 Forward
1 - 0% - 60%
2 - 0% - 40%
44 Defense
1 - 0% - 60%
2 - 0% - 40%
Last Minute Offensive  - 0:00
Last Minute Defensive  - 0:58
Total
Forward - 60:00
Defense - 60:00

% Time on Ice - Little Stars

Lines # - Real PCT - Wanted PCT - Time Play
Normal Forward
1 - 34% - 40% - 16:47
2 - 25% - 30% - 12:21
3 - 24% - 20% - 11:46
4 - 18% - 10% - 8:59
Normal Defense
1 - 40% - 40% - 20:01
2 - 34% - 30% - 16:45
3 - 22% - 20% - 10:47
4 - 5% - 10% - 2:20
PP Forward
1 - 56% - 60% - 4:00
2 - 44% - 40% - 3:08
PP Defense
1 - 59% - 60% - 4:11
2 - 41% - 40% - 2:57
PK Forward
1 - 74% - 60% - 1:29
2 - 26% - 40% - 0:31
PK Defense
1 - 73% - 60% - 1:28
2 - 27% - 40% - 0:32
PK3 Forward
1 - 0% - 60%
2 - 0% - 40%
PK3 Defense
1 - 0% - 60%
2 - 0% - 40%
44 Forward
1 - 0% - 60%
2 - 0% - 40%
44 Defense
1 - 0% - 60%
2 - 0% - 40%
Last Minute Offensive  - 0:59
Last Minute Defensive  - 0:00
Total
Forward - 60:00
Defense - 60:00

Play by Play

1st period


0:01 of 1st period - Chris Thorburn wins face-off versus Marcus Kruger in neutral zone.
0:04 of 1st period - Backhand shot by Kyle Greentree.
0:04 of 1st period - Shot Misses the Net.
0:26 of 1st period - Eric Gelinas is hit by Mathieu Roy.
0:27 of 1st period - Icing by Eric Gelinas.
0:28 of 1st period - James Wright wins face-off versus Cody Bass in Knights zone.
0:58 of 1st period - Garnet Exelby is hit by Ryan Vesce and loses puck.
1:23 of 1st period - Slapshot by A.J. Jenks.
1:23 of 1st period - Shot Hit the Post.
1:35 of 1st period - Backhand shot by Chris Thorburn.
1:35 of 1st period - Stopped by Erik Ersberg with a rebound.
1:37 of 1st period - Wrist shot by Chris Thorburn.
1:37 of 1st period - Shot Misses the Net.
1:39 of 1st period - Snap shot by Nikita Nikitin.
1:39 of 1st period - Shot Misses the Net.
1:41 of 1st period - Snap shot by Tomas Kundratek.
1:41 of 1st period - Stopped by Erik Ersberg without a rebound.
1:42 of 1st period - Marcus Kruger wins face-off versus Zack Hamill in Little Stars zone.
2:13 of 1st period - Clay Wilson is hit by Michael Raffl and loses puck.
2:20 of 1st period - Slapshot by Michael Raffl.
2:20 of 1st period - Stopped by Erik Ersberg with a rebound.
2:22 of 1st period - Snap shot by James Wright.
2:22 of 1st period - Stopped by Erik Ersberg with a rebound.
3:10 of 1st period - Slapshot by Garnet Exelby.
3:10 of 1st period - Shot Misses the Net.
3:51 of 1st period - Wrist shot by Chris Thorburn.
3:51 of 1st period - Deflect By Kyle Greentree.
3:51 of 1st period - Stopped by Erik Ersberg without a rebound.
3:52 of 1st period - Zack Hamill wins face-off versus Marcus Kruger in Little Stars zone.
5:25 of 1st period - Carl Hagelin is hit by Michael Raffl and loses puck.
5:54 of 1st period - Slapshot by Michael Raffl.
5:54 of 1st period - Stopped by Erik Ersberg with a rebound.
5:56 of 1st period - Slapshot by Michael Raffl.
5:56 of 1st period - Shot Blocked by Raphael Diaz.
5:58 of 1st period - Slapshot by Eric Gelinas.
5:58 of 1st period - Shot Blocked by Carl Hagelin.
6:00 of 1st period - Slapshot by Michael Raffl.
6:00 of 1st period - Shot Misses the Net.
6:02 of 1st period - Snap shot by James Wright.
6:02 of 1st period - Shot Misses the Net.
6:04 of 1st period - Slapshot by Eric Gelinas.
6:04 of 1st period - Shot Blocked by Cameron Schilling.
6:16 of 1st period - Snap shot by Michael Raffl.
6:16 of 1st period - Shot Blocked by Raphael Diaz.
6:18 of 1st period - Wrist shot by James Wright.
6:18 of 1st period - Stopped by Erik Ersberg with a rebound.
6:20 of 1st period - Slapshot by Marco Scandella.
6:20 of 1st period - Stopped by Erik Ersberg without a rebound.
6:21 of 1st period - Zack Hamill wins face-off versus Marcus Kruger in Little Stars zone.
6:28 of 1st period - Wrist shot by Kyle Greentree.
6:28 of 1st period - Stopped by Erik Ersberg without a rebound.
6:29 of 1st period - Zack Hamill wins face-off versus Marcus Kruger in Little Stars zone.
6:30 of 1st period - Snap shot by Chris Thorburn.
6:30 of 1st period - Shot Misses the Net.
6:38 of 1st period - Wrist shot by Marcus Kruger.
6:38 of 1st period - Shot Misses the Net.
6:40 of 1st period - Slapshot by Mathieu Roy.
6:40 of 1st period - Shot Misses the Net.
6:42 of 1st period - Wrist shot by Matt Halischuk.
6:42 of 1st period - Shot Blocked by Tomas Kundratek.
6:54 of 1st period - Colton Gillies is hit by Hugh Jessiman and loses puck.
7:33 of 1st period - Carter Ashton is hit by Chris Dingman and loses puck.
8:02 of 1st period - Off-side.
8:03 of 1st period - Zack Hamill wins face-off versus Landon Ferraro in neutral zone.
8:08 of 1st period - Slapshot by Ryan Ellis.
8:08 of 1st period - Shot Blocked by Zbynek Michalek.
8:10 of 1st period - Slapshot by Jared Spurgeon.
8:10 of 1st period - Shot Blocked by Chris Thorburn.
8:14 of 1st period - Snap shot by Jimmy Hayes.
8:14 of 1st period - Shot Blocked by Zbynek Michalek.
8:16 of 1st period - Slapshot by Jared Spurgeon.
8:16 of 1st period - Stopped by Dany Sabourin without a rebound.
8:17 of 1st period - Joe Colborne wins face-off versus Marcus Kruger in Knights zone.
8:17 of 1st period - Joe Colborne is hit by Marcus Kruger.
10:11 of 1st period - James Wright is hit by Jimmy Hayes and loses puck.
10:46 of 1st period - Snap shot by Ryan Ellis.
10:46 of 1st period - Stopped by Dany Sabourin without a rebound.
10:47 of 1st period - Marcus Kruger wins face-off versus Joe Colborne in Knights zone.
11:20 of 1st period - Snap shot by Alex Chiasson.
11:20 of 1st period - Shot Blocked by Cameron Schilling.
12:02 of 1st period - Philip Varone is hit by Carl Hagelin and loses puck.
12:29 of 1st period - Slapshot by Joe Colborne.
12:29 of 1st period - Shot Blocked by Clay Wilson.
12:47 of 1st period - Snap shot by Michael Raffl.
12:47 of 1st period - Stopped by Erik Ersberg with a rebound.
13:07 of 1st period - Snap shot by Ryan Vesce.
13:07 of 1st period - Stopped by Dany Sabourin without a rebound.
13:08 of 1st period - Corey Trivino wins face-off versus Zack Hamill in Knights zone.
13:12 of 1st period - Minor Penalty to Kyle Greentree for Hooking.
13:13 of 1st period - Marcus Kruger wins face-off versus James Wright in Knights zone.
13:46 of 1st period - Slapshot by Hugh Jessiman.
13:46 of 1st period - Stopped by Dany Sabourin without a rebound.
13:47 of 1st period - Philip Varone wins face-off versus Cody Bass in Knights zone.
13:58 of 1st period - Snap shot by Cody Bass.
13:58 of 1st period - Shot Misses the Net.
14:22 of 1st period - Snap shot by Chris Dingman.
14:22 of 1st period - Goal by Chris Dingman - Knights : 0 - Little Stars : 1.
14:23 of 1st period - Marcus Kruger wins face-off versus Zack Hamill in neutral zone.
14:48 of 1st period - Mathieu Roy is hit by Colton Gillies and loses puck.
15:15 of 1st period - Mathieu Roy is hit by Michael Raffl and loses puck.
15:20 of 1st period - Wrist shot by James Wright.
15:20 of 1st period - Shot Misses the Net.
15:25 of 1st period - Off-side.
15:26 of 1st period - Philip Varone wins face-off versus Chris Dingman in neutral zone.
15:30 of 1st period - Wrist shot by Carter Ashton.
15:30 of 1st period - Stopped by Erik Ersberg with a rebound.
16:19 of 1st period - Slapshot by Michael Raffl.
16:19 of 1st period - Shot Misses the Net.
16:21 of 1st period - Snap shot by Michael Raffl.
16:21 of 1st period - Stopped by Erik Ersberg with a rebound.
16:35 of 1st period - Off-side.
16:36 of 1st period - Marcus Kruger wins face-off versus Zack Hamill in neutral zone.
17:03 of 1st period - Eric Gelinas is hit by Mathieu Roy and loses puck.
18:07 of 1st period - Minor Penalty to Zbynek Michalek for Roughing.
18:08 of 1st period - Marcus Kruger wins face-off versus James Wright in Knights zone.
18:08 of 1st period - Snap shot by Chris Dingman.
18:08 of 1st period - Deflect By Ryan Vesce.
18:08 of 1st period - Goal by Ryan Vesce - Knights : 0 - Little Stars : 2.
18:09 of 1st period - Marcus Kruger wins face-off versus Zack Hamill in neutral zone.
18:12 of 1st period - Snap shot by Zack Hamill.
18:12 of 1st period - Deflect By Kyle Greentree.
18:12 of 1st period - Stopped by Erik Ersberg with a rebound.
18:14 of 1st period - Wrist shot by Garnet Exelby.
18:14 of 1st period - Shot Blocked by Clay Wilson.
18:16 of 1st period - Wrist shot by Chris Thorburn.
18:16 of 1st period - Stopped by Erik Ersberg without a rebound.
18:17 of 1st period - Zack Hamill wins face-off versus Marcus Kruger in Little Stars zone.
18:24 of 1st period - Wrist shot by Zack Hamill.
18:24 of 1st period - Deflect By Kyle Greentree.
18:24 of 1st period - Shot Misses the Net.
18:24 of 1st period - Puck is out of play.
18:25 of 1st period - Marcus Kruger wins face-off versus Zack Hamill in Little Stars zone.
18:30 of 1st period - Backhand shot by Kyle Greentree.
18:30 of 1st period - Shot Misses the Net.
18:32 of 1st period - Slapshot by Marco Scandella.
18:32 of 1st period - Deflect By Matt Halischuk.
18:32 of 1st period - Stopped by Erik Ersberg with a rebound.
18:50 of 1st period - Garnet Exelby is hit by Cody Bass and loses puck.
19:42 of 1st period - Slapshot by Raphael Diaz.
19:42 of 1st period - Deflect By Chris Thorburn.
19:42 of 1st period - Stopped by Dany Sabourin with a rebound.
19:44 of 1st period - Snap shot by Jimmy Hayes.
19:44 of 1st period - Shot Misses the Net.
19:46 of 1st period - Snap shot by Landon Ferraro.
19:46 of 1st period - Stopped by Dany Sabourin with a rebound.
Goals for this period are 0 for Knights vs 2 for Little Stars.
Shots for this period are 15 for Knights vs 8 for Little Stars.

2nd period


0:01 of 2nd period - Zack Hamill wins face-off versus Marcus Kruger in neutral zone.
0:35 of 2nd period - Slapshot by Mathieu Roy.
0:35 of 2nd period - Stopped by Dany Sabourin with a rebound.
0:55 of 2nd period - Wrist shot by Colton Gillies.
0:55 of 2nd period - Shot Misses the Net.
0:57 of 2nd period - Snap shot by Colton Gillies.
0:57 of 2nd period - Stopped by Erik Ersberg with a rebound.
0:59 of 2nd period - Slapshot by Eric Gelinas.
0:59 of 2nd period - Stopped by Erik Ersberg without a rebound.
1:00 of 2nd period - Marcus Kruger wins face-off versus Zack Hamill in Little Stars zone.
1:13 of 2nd period - Off-side.
1:14 of 2nd period - Cody Bass wins face-off versus James Wright in neutral zone.
1:19 of 2nd period - Zbynek Michalek is hit by Jesse Joensuu and loses puck.
2:22 of 2nd period - Wrist shot by Marcus Kruger.
2:22 of 2nd period - Goal by Marcus Kruger - Knights : 0 - Little Stars : 3.
2:23 of 2nd period - Chris Thorburn wins face-off versus Jesse Joensuu in neutral zone.
3:13 of 2nd period - Garnet Exelby is hit by Ryan Ellis and loses puck.
3:24 of 2nd period - Slapshot by Zbynek Michalek.
3:24 of 2nd period - Shot Blocked by Ryan Ellis.
3:47 of 2nd period - Snap shot by Marcus Kruger.
3:47 of 2nd period - Deflect By Chris Dingman.
3:47 of 2nd period - Shot Misses the Net.
3:47 of 2nd period - Puck is out of play.
3:48 of 2nd period - Zack Hamill wins face-off versus Cody Bass in Knights zone.
4:13 of 2nd period - Nikita Nikitin is hit by Mathieu Roy and loses puck.
4:38 of 2nd period - Wrist shot by Joe Colborne.
4:38 of 2nd period - Stopped by Erik Ersberg without a rebound.
4:39 of 2nd period - Zack Hamill wins face-off versus Corey Trivino in Little Stars zone.
4:44 of 2nd period - Slapshot by Chris Thorburn.
4:44 of 2nd period - Deflect By Kyle Greentree.
4:44 of 2nd period - Shot Misses the Net.
4:44 of 2nd period - Puck is out of play.
4:45 of 2nd period - Marcus Kruger wins face-off versus Zack Hamill in Little Stars zone.
4:55 of 2nd period - Snap shot by Chris Dingman.
4:55 of 2nd period - Stopped by Dany Sabourin without a rebound.
4:56 of 2nd period - Marcus Kruger wins face-off versus Zack Hamill in Knights zone.
4:59 of 2nd period - Wrist shot by Chris Dingman.
4:59 of 2nd period - Stopped by Dany Sabourin without a rebound.
5:00 of 2nd period - Zack Hamill wins face-off versus Matt Halischuk in Knights zone.
5:07 of 2nd period - Matt Halischuk is hit by Kyle Greentree and loses puck.
5:30 of 2nd period - Wrist shot by Alex Chiasson.
5:30 of 2nd period - Shot Misses the Net.
5:46 of 2nd period - Slapshot by Zbynek Michalek.
5:46 of 2nd period - Stopped by Erik Ersberg without a rebound.
5:47 of 2nd period - Joe Colborne wins face-off versus Corey Trivino in Little Stars zone.
5:56 of 2nd period - Wrist shot by Garnet Exelby.
5:56 of 2nd period - Shot Blocked by Corey Trivino.
6:18 of 2nd period - Slapshot by Chris Dingman.
6:18 of 2nd period - Shot Misses the Net.
6:56 of 2nd period - James Wright is hit by Corey Trivino and loses puck.
7:07 of 2nd period - Snap shot by Ryan Vesce.
7:07 of 2nd period - Stopped by Dany Sabourin with a rebound.
7:39 of 2nd period - Zbynek Michalek is hit by Chris Dingman and loses puck.
7:48 of 2nd period - Chris Dingman is hit by Kyle Greentree and loses puck.
8:03 of 2nd period - Ryan Ellis is hit by Garnet Exelby and loses puck.
9:05 of 2nd period - Clay Wilson is hit by Zack Hamill and loses puck.
9:18 of 2nd period - Marco Scandella is hit by Hugh Jessiman and loses puck.
9:51 of 2nd period - Wrist shot by Joe Colborne.
9:51 of 2nd period - Deflect By Colton Gillies.
9:51 of 2nd period - Shot Misses the Net.
9:51 of 2nd period - Puck is out of play.
9:52 of 2nd period - Zack Hamill wins face-off versus Marcus Kruger in Little Stars zone.
10:18 of 2nd period - Cameron Schilling is hit by James Wright.
10:26 of 2nd period - Wrist shot by Marcus Kruger.
10:26 of 2nd period - Stopped by Dany Sabourin with a rebound.
10:28 of 2nd period - Slapshot by Ryan Ellis.
10:28 of 2nd period - Shot Blocked by Zbynek Michalek.
10:30 of 2nd period - Slapshot by Jared Spurgeon.
10:30 of 2nd period - Stopped by Dany Sabourin with a rebound.
10:32 of 2nd period - Backhand shot by Ryan Ellis.
10:32 of 2nd period - Deflect By Matt Halischuk.
10:32 of 2nd period - Stopped by Dany Sabourin without a rebound.
10:33 of 2nd period - Cody Bass wins face-off versus Kyle Greentree in Knights zone.
10:44 of 2nd period - Wrist shot by Chris Thorburn.
10:44 of 2nd period - Deflect By Kyle Greentree.
10:44 of 2nd period - Shot Blocked by Jared Spurgeon.
10:44 of 2nd period - Puck is out of play.
10:45 of 2nd period - Chris Thorburn wins face-off versus Cody Bass in Little Stars zone.
10:56 of 2nd period - Slapshot by Raphael Diaz.
10:56 of 2nd period - Shot Misses the Net.
10:58 of 2nd period - Slapshot by Cameron Schilling.
10:58 of 2nd period - Stopped by Dany Sabourin without a rebound.
10:59 of 2nd period - Marcus Kruger wins face-off versus Michael Raffl in Knights zone.
11:03 of 2nd period - Minor Penalty to Michael Raffl for Boarding.
11:04 of 2nd period - James Wright wins face-off versus Marcus Kruger in Knights zone.
13:03 of 2nd period - Penalty to Michael Raffl is over, Michael Raffl is back on ice.
13:04 of 2nd period - Snap shot by Joe Colborne.
13:04 of 2nd period - Shot Misses the Net.
13:29 of 2nd period - Wrist shot by A.J. Jenks.
13:29 of 2nd period - Deflect By Carter Ashton.
13:29 of 2nd period - Shot Blocked by Jimmy Hayes.
13:29 of 2nd period - Puck is out of play.
13:30 of 2nd period - Landon Ferraro wins face-off versus Philip Varone in Little Stars zone.
13:35 of 2nd period - Snap shot by Mathieu Roy.
13:35 of 2nd period - Deflect By Jimmy Hayes.
13:35 of 2nd period - Stopped by Dany Sabourin with a rebound.
13:37 of 2nd period - Backhand shot by Clay Wilson.
13:37 of 2nd period - Shot Blocked by Carter Ashton.
13:39 of 2nd period - Slapshot by Alexander Vasyunov.
13:39 of 2nd period - Deflect By Jimmy Hayes.
13:39 of 2nd period - Stopped by Dany Sabourin without a rebound.
13:40 of 2nd period - James Wright wins face-off versus Marcus Kruger in Knights zone.
14:06 of 2nd period - Minor Penalty to Chris Thorburn for High sticking.
14:07 of 2nd period - James Wright wins face-off versus Marcus Kruger in Knights zone.
14:07 of 2nd period - James Wright is hit by Chris Dingman.
16:04 of 2nd period - Cameron Schilling is hit by Zbynek Michalek and loses puck.
16:06 of 2nd period - Penalty to Chris Thorburn is over, Chris Thorburn is back on ice.
16:26 of 2nd period - Slapshot by Zbynek Michalek.
16:26 of 2nd period - Shot Misses the Net.
16:30 of 2nd period - Snap shot by Chris Thorburn.
16:30 of 2nd period - Stopped by Erik Ersberg without a rebound.
16:31 of 2nd period - James Wright wins face-off versus Ryan Vesce in Little Stars zone.
16:32 of 2nd period - Snap shot by Alex Chiasson.
16:32 of 2nd period - Shot Misses the Net.
16:57 of 2nd period - Slapshot by Garnet Exelby.
16:57 of 2nd period - Goal by Garnet Exelby - Knights : 1 - Little Stars : 3.
16:58 of 2nd period - James Wright wins face-off versus Marcus Kruger in neutral zone.
17:01 of 2nd period - Slapshot by Nikita Nikitin.
17:01 of 2nd period - Shot Misses the Net.
17:07 of 2nd period - James Wright is hit by Matt Halischuk and loses puck.
17:32 of 2nd period - Minor Penalty to Clay Wilson for Tripping.
17:33 of 2nd period - Chris Dingman wins face-off versus Zack Hamill in Little Stars zone.
18:36 of 2nd period - Zbynek Michalek is hit by Jesse Joensuu and loses puck.
19:32 of 2nd period - Penalty to Clay Wilson is over, Clay Wilson is back on ice.
Goals for this period are 1 for Knights vs 1 for Little Stars.
Shots for this period are 6 for Knights vs 11 for Little Stars.

3rd period


0:01 of 3rd period - Marcus Kruger wins face-off versus Zack Hamill in neutral zone.
0:14 of 3rd period - Slapshot by Chris Thorburn.
0:14 of 3rd period - Stopped by Erik Ersberg with a rebound.
0:26 of 3rd period - Cody Bass is hit by James Wright and loses puck.
0:49 of 3rd period - Wrist shot by Ryan Vesce.
0:49 of 3rd period - Stopped by Dany Sabourin without a rebound.
0:50 of 3rd period - Philip Varone wins face-off versus Carl Hagelin in Knights zone.
0:50 of 3rd period - Philip Varone is hit by Ryan Vesce.
0:55 of 3rd period - Off-side.
0:56 of 3rd period - Zack Hamill wins face-off versus Marcus Kruger in neutral zone.
1:43 of 3rd period - Minor Penalty to Mathieu Roy for Roughing.
1:44 of 3rd period - Zack Hamill wins face-off versus Chris Dingman in Little Stars zone.
1:44 of 3rd period - Slapshot by Alex Chiasson.
1:44 of 3rd period - Goal by Alex Chiasson - Knights : 2 - Little Stars : 3.
1:45 of 3rd period - Marcus Kruger wins face-off versus Zack Hamill in neutral zone.
1:48 of 3rd period - Slapshot by Mathieu Roy.
1:48 of 3rd period - Deflect By Chris Dingman.
1:48 of 3rd period - Shot Blocked by Zbynek Michalek.
1:48 of 3rd period - Puck is out of play.
1:49 of 3rd period - Zack Hamill wins face-off versus Marcus Kruger in Knights zone.
2:02 of 3rd period - Slapshot by Chris Dingman.
2:02 of 3rd period - Stopped by Dany Sabourin without a rebound.
2:03 of 3rd period - James Wright wins face-off versus Cody Bass in Knights zone.
2:05 of 3rd period - Minor Penalty to Alex Chiasson for Tripping.
2:06 of 3rd period - James Wright wins face-off versus Marcus Kruger in Knights zone.
2:14 of 3rd period - Slapshot by Ryan Ellis.
2:14 of 3rd period - Shot Blocked by Marco Scandella.
2:16 of 3rd period - Slapshot by Ryan Ellis.
2:16 of 3rd period - Stopped by Dany Sabourin without a rebound.
2:17 of 3rd period - James Wright wins face-off versus Marcus Kruger in Knights zone.
2:26 of 3rd period - Marco Scandella is hit by Ryan Ellis.
2:30 of 3rd period - Snap shot by Marcus Kruger.
2:30 of 3rd period - Stopped by Dany Sabourin without a rebound.
2:31 of 3rd period - Marcus Kruger wins face-off versus James Wright in Knights zone.
2:42 of 3rd period - Slapshot by Ryan Vesce.
2:42 of 3rd period - Shot Misses the Net.
2:44 of 3rd period - Slapshot by Mathieu Roy.
2:44 of 3rd period - Shot Misses the Net.
2:46 of 3rd period - Slapshot by Mathieu Roy.
2:46 of 3rd period - Stopped by Dany Sabourin with a rebound.
4:05 of 3rd period - Penalty to Alex Chiasson is over, Alex Chiasson is back on ice.
5:42 of 3rd period - Chris Thorburn is hit by Cameron Schilling and loses puck.
5:57 of 3rd period - Clay Wilson is hit by Philip Varone.
6:07 of 3rd period - Snap shot by Jared Spurgeon.
6:07 of 3rd period - Stopped by Dany Sabourin without a rebound.
6:08 of 3rd period - Landon Ferraro wins face-off versus Joe Colborne in Knights zone.
6:09 of 3rd period - Wrist shot by Ryan Ellis.
6:09 of 3rd period - Deflect By Alexander Vasyunov.
6:09 of 3rd period - Shot Misses the Net.
6:09 of 3rd period - Puck is out of play.
6:10 of 3rd period - Joe Colborne wins face-off versus Landon Ferraro in Knights zone.
6:31 of 3rd period - Jimmy Hayes is hit by Colton Gillies and loses puck.
7:11 of 3rd period - Slapshot by Nikita Nikitin.
7:11 of 3rd period - Shot Misses the Net.
7:27 of 3rd period - Slapshot by Tomas Kundratek.
7:27 of 3rd period - Deflect By Clay Wilson.
7:27 of 3rd period - Stopped by Erik Ersberg with a rebound.
7:29 of 3rd period - Snap shot by Aaron Palushaj.
7:29 of 3rd period - Shot Misses the Net.
7:31 of 3rd period - Wrist shot by Aaron Palushaj.
7:31 of 3rd period - Stopped by Erik Ersberg with a rebound.
7:33 of 3rd period - Snap shot by Colton Gillies.
7:33 of 3rd period - Goal by Colton Gillies - Knights : 3 - Little Stars : 3.
7:34 of 3rd period - Marcus Kruger wins face-off versus James Wright in neutral zone.
7:47 of 3rd period - Slapshot by Zbynek Michalek.
7:47 of 3rd period - Shot Misses the Net.
7:49 of 3rd period - Snap shot by Eric Gelinas.
7:49 of 3rd period - Stopped by Erik Ersberg with a rebound.
7:59 of 3rd period - Chris Thorburn is hit by Raphael Diaz and loses puck.
8:55 of 3rd period - Clay Wilson is hit by Zbynek Michalek and loses puck.
10:45 of 3rd period - Raphael Diaz is hit by Philip Varone and loses puck.
11:05 of 3rd period - Chris Thorburn is hit by Jimmy Hayes.
11:17 of 3rd period - Marco Scandella is hit by Cody Bass and loses puck.
11:42 of 3rd period - Philip Varone is hit by Marcus Kruger and loses puck.
12:36 of 3rd period - Wrist shot by Alex Chiasson.
12:36 of 3rd period - Stopped by Erik Ersberg with a rebound.
12:38 of 3rd period - Slapshot by Eric Gelinas.
12:38 of 3rd period - Shot Misses the Net.
14:01 of 3rd period - Snap shot by Joe Colborne.
14:01 of 3rd period - Shot Misses the Net.
14:03 of 3rd period - Snap shot by Marco Scandella.
14:03 of 3rd period - Shot Misses the Net.
14:35 of 3rd period - Zbynek Michalek is hit by Corey Trivino and loses puck.
14:44 of 3rd period - Ryan Ellis is hit by Zack Hamill and loses puck.
15:26 of 3rd period - Slapshot by Marcus Kruger.
15:26 of 3rd period - Stopped by Dany Sabourin with a rebound.
15:28 of 3rd period - Snap shot by Ryan Ellis.
15:28 of 3rd period - Shot Blocked by Tomas Kundratek.
15:30 of 3rd period - Slapshot by Ryan Ellis.
15:30 of 3rd period - Deflect By Chris Dingman.
15:30 of 3rd period - Stopped by Dany Sabourin with a rebound.
15:40 of 3rd period - Tomas Kundratek is hit by Jesse Joensuu and loses puck.
15:45 of 3rd period - Wrist shot by Jesse Joensuu.
15:45 of 3rd period - Shot Blocked by Joe Colborne.
15:47 of 3rd period - Wrist shot by Jesse Joensuu.
15:47 of 3rd period - Deflect By Cody Bass.
15:47 of 3rd period - Stopped by Dany Sabourin without a rebound.
15:48 of 3rd period - Zack Hamill wins face-off versus Corey Trivino in Knights zone.
15:55 of 3rd period - Mathieu Roy is hit by Chris Thorburn and loses puck.
16:02 of 3rd period - Snap shot by Chris Thorburn.
16:02 of 3rd period - Shot Misses the Net.
16:04 of 3rd period - Slapshot by Zack Hamill.
16:04 of 3rd period - Goal by Zack Hamill - Knights : 4 - Little Stars : 3.
16:05 of 3rd period - Marcus Kruger wins face-off versus Joe Colborne in neutral zone.
16:20 of 3rd period - Slapshot by Zbynek Michalek.
16:20 of 3rd period - Shot Blocked by Clay Wilson.
16:30 of 3rd period - Kyle Greentree is hit by Carl Hagelin and loses puck.
16:52 of 3rd period - Raphael Diaz is hit by James Wright and loses puck.
17:15 of 3rd period - Raphael Diaz is hit by Nikita Nikitin and loses puck.
17:20 of 3rd period - Snap shot by Hugh Jessiman.
17:20 of 3rd period - Stopped by Dany Sabourin with a rebound.
17:22 of 3rd period - Slapshot by Cameron Schilling.
17:22 of 3rd period - Shot Misses the Net.
17:24 of 3rd period - Slapshot by Cameron Schilling.
17:24 of 3rd period - Stopped by Dany Sabourin with a rebound.
17:26 of 3rd period - Snap shot by Jesse Joensuu.
17:26 of 3rd period - Stopped by Dany Sabourin without a rebound.
17:27 of 3rd period - Corey Trivino wins face-off versus Joe Colborne in Knights zone.
17:34 of 3rd period - Snap shot by Carl Hagelin.
17:34 of 3rd period - Stopped by Dany Sabourin without a rebound.
17:35 of 3rd period - Joe Colborne wins face-off versus Corey Trivino in Knights zone.
18:08 of 3rd period - Eric Gelinas is hit by Chris Dingman and loses puck.
18:25 of 3rd period - Snap shot by Zbynek Michalek.
18:25 of 3rd period - Stopped by Erik Ersberg without a rebound.
18:26 of 3rd period - Corey Trivino wins face-off versus James Wright in Little Stars zone.
18:37 of 3rd period - Wrist shot by Ryan Vesce.
18:37 of 3rd period - Shot Misses the Net.
18:39 of 3rd period - Snap shot by Corey Trivino.
18:39 of 3rd period - Stopped by Dany Sabourin with a rebound.
18:41 of 3rd period - Snap shot by Carl Hagelin.
18:41 of 3rd period - Stopped by Dany Sabourin without a rebound.
18:42 of 3rd period - Marcus Kruger wins face-off versus Joe Colborne in Knights zone.
19:14 of 3rd period - Little Stars, Erik Ersberg is pulled from the net.
19:24 of 3rd period - Snap shot by Chris Dingman.
19:24 of 3rd period - Shot Misses the Net.
19:26 of 3rd period - Slapshot by Clay Wilson.
19:26 of 3rd period - Stopped by Dany Sabourin with a rebound.
19:28 of 3rd period - Slapshot by Chris Dingman.
19:28 of 3rd period - Stopped by Dany Sabourin without a rebound.
19:29 of 3rd period - Ron Wilson call a timeout for Little Stars.
19:29 of 3rd period - Chris Dingman wins face-off versus James Wright in Knights zone.
19:42 of 3rd period - Wrist shot by Chris Dingman.
19:42 of 3rd period - Shot Misses the Net.
19:59 of 3rd period - Minor Penalty to Kyle Greentree for High sticking.
Goals for this period are 3 for Knights vs 0 for Little Stars.
Shots for this period are 9 for Knights vs 17 for Little Stars.
Goals for this period are 3 for Knights vs 0 for Little Stars.
Shots for this period are 9 for Knights vs 17 for Little Stars.


Output by the SimonT Hockey Simulator (STHS) for François Prévost -- Original Page W3C XHTML 1.0 Valid
Hockey Simulator - Hockey Simulation - Hockey Manager